AoeStats
← 黑森林第一巴图鲁

Black Forest

510157379Analyzed
2v2 RM · 2d ago on Sep 29, 2026· 99m 39s· 4 players
Game mode
Random Map
Map size
Medium (4 player)
Population
200
Speed
Normal
Resources
Standard
Victory
Conquest
Starting age
Dark Age
Ending age
Imperial Age
RankedLock teamsTeams togetherTeam positionsShared explorationLock speedFull tech treeHidden civsTurbo modeCheats
Victory
Defeat
🇸🇪 Wei · Sweden
724
+16
🇸🇪 Saracens · Sweden
724
+16
729
-16
🇨🇱 Khmer · Chile
717
-16
nperezb
2:50 Loom
14:42 Feudal Age
15:05 Man-at-Arms
17:23 Double-Bit Axe
18:45 Arson
23:17 Castle Age
22:10 Forging
22:55 Scale Mail Armor
22:49 Stone Mining
22:51 Gold Mining
23:20 Town Watch
23:42 Long Swordsman
23:53 Pikeman
27:40 Town Patrol
35:47 Imperial Age
35:09 Wheelbarrow
36:53 Stone Shaft Mining
36:56 Gold Shaft Mining
37:12 Conscription
38:53 Double Crossbow
40:00 Hand Cart
41:03 Elite Ballista Elephant
43:08 Chemistry
42:52 Cavalier
42:53 Light Cavalry
43:33 Husbandry
46:03 Tusk Swords
46:08 Murder Holes
46:23 Fortified Wall
46:22 Scale Barding Armor
46:33 Chain Mail Armor
46:53 Iron Casting
48:31 Hussar
49:21 Bloodlines
49:39 Chain Barding Armor
50:20 Blast Furnace
52:14 Tusk Swords
55:20 Plate Barding Armor
58:45 Bow Saw
64:16 Caravan
78:45 Capped Ram
黑森林第一巴图鲁
0:38 Loom
13:03 Feudal Age
14:38 Wheelbarrow
13:51 Double-Bit Axe
20:10 Castle Age
18:55 Horse Collar
21:17 Town Watch
23:07 Bow Saw
23:02 Heavy Plow
28:15 Fletching
28:27 Padded Archer Armor
28:39 Forging
33:25 Imperial Age
31:28 Gold Mining
31:29 Stone Mining
33:05 Iron Casting
32:36 Scale Barding Armor
32:27 Bodkin Arrow
32:48 Leather Archer Armor
33:38 Gold Shaft Mining
33:39 Stone Shaft Mining
34:48 Conscription
34:59 Hand Cart
34:45 Town Patrol
35:46 Ballistics
35:36 Thumb Ring
37:15 Caravan
37:28 Pikeman
38:09 Squires
38:12 Bracer
40:03 Chemistry
39:15 Fortified Wall
40:28 Bloodlines
40:18 Husbandry
39:40 Light Cavalry
44:10 Blast Furnace
43:31 Chain Barding Armor
43:13 Scale Mail Armor
42:55 Elite Steppe Lancer
44:17 Elite Mangudai
45:00 Onager
47:36 Drill
47:45 Siege Onager
51:29 Hussar
57:31 Siege Engineers
57:37 Masonry
79:06 Murder Holes
80:54 Chain Mail Armor
83:36 Plate Mail Armor
DeadVrek
0:26 Loom
12:34 Feudal Age
13:13 Double-Bit Axe
14:08 Wheelbarrow
13:51 Horse Collar
16:25 Gold Mining
18:59 Stone Mining
22:07 Castle Age
23:31 Stone Shaft Mining
23:15 Hand Cart
23:38 Bow Saw
24:32 Gold Shaft Mining
26:56 Heavy Plow
30:48 Tuntian
34:18 Husbandry
35:01 Caravan
35:10 Scale Barding Armor
39:12 Imperial Age
37:55 Bloodlines
38:36 Murder Holes
38:52 Masonry
38:22 Treadmill Crane
38:53 Fortified Wall
39:04 Ballistics
38:35 Guard Tower
38:40 Fletching
39:11 Chain Barding Armor
39:03 Forging
39:16 Elite Tiger Cavalry
40:13 Town Watch
41:35 Crop Rotation
41:39 Ming Guang Armor
41:51 Hoardings
41:37 Conscription
41:45 Devotion
43:49 Town Patrol
44:00 Scale Mail Armor
44:35 Iron Casting
43:56 Bodkin Arrow
44:01 Padded Archer Armor
44:41 Keep
46:58 Chain Mail Armor
47:44 Blast Furnace
46:44 Bracer
52:14 Chemistry
55:06 Leather Archer Armor
55:26 Coinage
65:11 Banking
70:38 Ring Archer Armor
92:02 Parthian Tactics
90:58 Elite Skirmisher
97:02 Spies/Treason
Codename |A|
0:32 Loom
12:14 Feudal Age
18:45 Castle Age
16:54 Double-Bit Axe
16:56 Horse Collar
18:49 Stone Mining
19:50 Heavy Plow
20:15 Gold Mining
23:12 Gold Shaft Mining
24:11 Bow Saw
24:42 Wheelbarrow
23:58 Town Watch
26:35 Hand Cart
29:51 Imperial Age
30:28 Town Patrol
31:42 Chemistry
31:06 Ballistics
30:42 Murder Holes
31:29 Fortified Wall
35:16 Masonry
36:05 Conscription
35:18 Elite Mameluke
37:35 Two-Man Saw
37:35 Hoardings
39:41 Bloodlines
39:32 Husbandry
41:17 Fervor
41:21 Siege Engineers
43:58 Bimaristan
44:39 Devotion
45:00 Sanctity
45:25 Scale Barding Armor
45:31 Forging
45:12 Fletching
47:10 Chain Barding Armor
49:43 Plate Barding Armor
49:04 Bodkin Arrow
49:45 Iron Casting
52:04 Bracer
59:24 Blast Furnace
65:31 Heavy Camel Rider
66:22 Light Cavalry
68:20 Light Cavalry
69:44 Hussar
88:37 Thumb Ring
87:53 Elite Skirmisher
90:59 Padded Archer Armor
93:56 Leather Archer Armor
Connection lost

Rejoining the realm…

Still unreachable

The connection could not be restored.

Session expired

The server has moved on; the page needs a fresh start.